 Dungeon Crawl Stone Soup version 0.24.0 (webtiles) character file.

Game seed: 7977383962447023401, levelgen mode: deterministic

126 Mrkan the Poker (level 4, -1/41 HPs)
             Began as a Draconian Monk on Oct 25, 2019.
             Was a Believer of Wu Jian.
             Slain by an orc wizard
             ... wielding a +0 dagger
              (2 damage)
             ... on level 3 of the Dungeon.
             The game lasted 00:05:48 (2316 turns).

Mrkan the Poker (Draconian Monk)                    Turns: 2316, Time: 00:05:48

Health: -1/41      AC:  5    Str: 14    XL:     4   Next: 83%
Magic:  4/4        EV: 10    Int: 10    God:    Wu Jian [**....]
Gold:   81         SH:  7    Dex: 14    Spells: 3/3 levels left

rFire    . . .     SeeInvis .   a - +0 spear
rCold    . . .     Gourm    .   d - +0 shield
rNeg     . . .     Faith    .   (armour unavailable)
rPois    .         Spirit   .   (helmet restricted)
rElec    .         Reflect  .   (no cloak)
rCorr    .         Harm     .   (no gloves)
MR       .....                  (no boots)
Stlth    ++........             (no amulet)
HPRegen  0.13/turn              (no ring)
MPRegen  0.09/turn              (no ring)

@: no status effects
A: unfitting armour, cold-blooded, AC +5
a: Wall Jump, Renounce Religion


You were on level 3 of the Dungeon.
You worshipped Wu Jian.
Wu Jian was pleased with you.
You were hungry.

You visited 1 branch of the dungeon, and saw 3 of its levels.

You collected 81 gold pieces.

Inventory:

Hand Weapons
 a - a +0 spear (weapon)
Missiles
 m - 5 poisoned darts (quivered)
Armour
 d - a +0 shield (worn)
Jewellery
 q - an uncursed amulet of the gourmand {unknown}
Scrolls
 c - 2 scrolls of magic mapping {unknown}
 g - a scroll of remove curse {unknown}
 h - 2 scrolls of identify {unknown}
 i - a scroll of fear {unknown}
 j - a scroll of amnesia {unknown}
 l - a scroll of teleportation {unknown}
 n - 4 scrolls of enchant weapon {unknown}
 o - 2 scrolls of enchant armour {unknown}
Potions
 e - a potion of ambrosia {unknown}
 f - a potion of curing {unknown}
 k - a potion of haste {unknown}
Comestibles
 b - 6 rations


   Skills:
 + Level 4.4 Fighting
 * Level 4.9 Polearms
 - Level 2.6 Dodging
 - Level 1.7 Stealth


You had 3 spell levels left.
You didn't know any spells.
Your spell library was empty.

Dungeon Overview and Level Annotations

Branches:
Dungeon (3/15)

Altars:
Wu Jian


Innate Abilities, Weirdness & Mutations

Your plain brown scales are hard. (AC +5)
You cannot fit into any form of body armour.
You are cold-blooded and may be slowed by cold attacks.


Message History

The orc splashes around in the water.
You hit the orc wizard.
The orc wizard is almost dead.
The orc wizard gestures at you while chanting.
The magic dart hits you.
* * * LOW HITPOINT WARNING * * *
The orc splashes around in the water.
You block the orc's attack.
You closely miss the orc wizard.
You tail-slap the orc wizard, but do no damage.
The orc wizard is almost dead.
The orc wizard points at you and mumbles some strange words.
The magic dart hits you.
* * * LOW HITPOINT WARNING * * *
The orc splashes around in the water.
You closely miss the orc wizard.
Your tail-slap misses the orc wizard.
The orc wizard is almost dead.
The orc hits you with a +0 mace.
* * * LOW HITPOINT WARNING * * *
The orc wizard hits you with a +0 dagger.
You die...

##.# .#.# ..P≈
...... .#.# #..≈
##....###. ...#
...P≈ #[.....#≈≈
...# .P..≈
....$...≈ ##.#
##.≈≈≈ ......# ≈≈
##.#
.P.≈≈.###....###!≈
..#
#.[≈≈≈o#......#≈≈≈
..#
P..P≈≈o@.......≈≈≈
...#
.##.P≈≈#o...^.#≈≈
...#
#.P..≈###.?..##
...# ###...
#......# ###
#...%..##########
####.####........
#....(..#.##.....
#..(...##.##.....
#..........#.....


You could see an orc wizard and 2 orcs.

Vanquished Creatures
  An orc priest (D:3)
  2 oozes
  4 worms
  2 dart slugs
  5 orcs (D:3)
  A ball python (D:1)
  6 bats
  6 giant cockroaches
  4 hobgoblins
  4 jackals (D:2)
  7 kobolds
  A quokka (D:2)
  5 frilled lizards
  8 goblins
  11 rats
67 creatures vanquished.

Notes
Turn   | Place    | Note
-------+----------+-------------------------------------------
     0 | D:1      | Mrkan the Draconian Monk began the quest for the Orb.
     0 | D:1      | Reached XP level 1. HP: 19/19 MP: 1/1
   190 | D:1      | Reached XP level 2. HP: 26/26 MP: 2/2
   862 | D:2      | Reached XP level 3. HP: 33/33 MP: 3/3
  1487 | D:2      | Reached XP level 4. HP: 32/40 MP: 4/4
  2086 | D:3      | Found an ornate altar of the Wu Jian Council.
  2094 | D:3      | Became a worshipper of the Wu Jian Council
  2094 | D:3      | Reached * piety under Wu Jian
  2094 | D:3      | Reached ** piety under Wu Jian
  2316 | D:3      | HP: 1/41 [orc/+0 mace (4)]
  2316 | D:3      | Slain by an orc wizard

Levels and vault maps discovered:
D:1:      arrival_zaba_pyramid, layout_loops_ring, minmay_misc_feat_pillars,
          minivault_14, corexii_corridor_pit
D:2:      layout_loops_ring
D:3:      wad_lake_hut, layout_basic, tso_oasis_becter,
          overflow_temple_1_default, first_ration, minivault_19
